Map: Tourmaline LE

Players

Life

  • Race: Terran Terran
  • League: Master
  • Spawn Location: 1:00

Neuro - Winner!

  • Race: Zerg Zerg
  • League: Grandmaster
  • Spawn Location: 7:00

VOD

Have the link to the VOD?

Description

Time

  • Played on: Feb. 20, 2026, 6:50 p.m.
  • Length: 18:55
Show
View Real Time Build Order
Export as new Build Order

Life Terran 

Build Orders: Reaper Expand, Hellion Banshee, Mech 

Get SALT Encoding   

  12  0:00  SCV  
  13  0:12  SCV  
  14  0:17  Supply Depot  
  14  0:24  SCV  
  15  0:38  SCV  
  15  0:40  Barracks  
  16  0:45  Refinery  
  16  0:50  SCV  
  17  1:02  SCV  
  18  1:15  SCV  
  19  1:28  Orbital Command, Reaper  
  20  1:40  Command Center  
  20  1:54  Supply Depot, SCV  
  20  2:00  Marine  
  22  2:06  SCV  
  23  2:12  Factory  
  23  2:18  SCV  
  24  2:22  Barracks Reactor  
  24  2:30  SCV  
  25  2:43  SCV  
  26  2:44  Command Center  
  26  2:52  Orbital Command  
  26  2:56  SCV  
  27  3:08  SCV  
  27  3:09  Starport  
  27  3:11  Hellion  
  30  3:20  SCV  
  30  3:21  SCV  
  30  3:24  Barracks Tech Lab  
  30  3:26  Refinery  
  31  3:32  SCV  
  31  3:33  SCV  
  33  3:34  Hellion x2  
  37  3:44  SCV  
  37  3:45  SCV  
  39  3:53  Banshee  
  42  3:56  SCV  
  42  3:57  Orbital Command, SCV  
  42  4:00  Refinery  
  44  4:03  Refinery  
  44  4:05  Hellion  
  44  4:08  Hellion  
  44  4:09  Supply Depot, SCV  
  49  4:13  SCV  
  50  4:21  SCV  
  51  4:25  SCV  
  51  4:26  SCV  
  51  4:30  Hellion x2  
  57  4:33  SCV  
  57  4:35  Supply Depot  
  57  4:37  Cloaking Field, Banshee  
  61  4:39  SCV x2  
  63  4:46  SCV  
  63  4:48  Supply Depot  
  63  4:51  SCV  
  65  4:57  Hellion  
  65  4:58  Hellion  
  65  4:59  Orbital Command  
  67  5:05  Barracks Tech Lab  
  61  5:09  SCV x2  
  61  5:11  Factory  
  61  5:12  Factory  
  63  5:16  Supply Depot  
  63  5:17  Supply Depot  
  63  5:21  Hellion x2, SCV x2  
  69  5:28  SCV  
  69  5:32  Refinery  
  69  5:33  SCV  
  71  5:36  SCV  
  71  5:40  Banshee  
  71  5:41  SCV  
  76  5:44  Engineering Bay  
  76  5:45  SCV  
  76  5:48  SCV  
  78  5:51  Hyperflight Rotors  
  78  5:52  Barracks Tech Lab  
  78  5:53  SCV  
  78  5:54  Supply Depot x2, Refinery  
  79  6:01  SCV x2  
  79  6:02  Hellion x2  
  79  6:03  Siege Tank  
  88  6:05  SCV  
  89  6:14  SCV x2  
  89  6:17  SCV  
  92  6:21  Command Center  
  92  6:22  Supply Depot  
  92  6:24  Hellion x2  
  96  6:26  SCV x2  
  96  6:29  SCV  
  96  6:32  Banshee  
  102  6:35  Hellion  
  104  6:40  SCV x2  
  104  6:41  SCV, Supply Depot  
  104  6:44  Missile Turret x2  
  104  6:45  Missile Turret  
  107  6:55  SCV x3  
  110  7:01  Siege Tank x2  
  110  7:02  Hellion  
  110  7:07  SCV x2  
  120  7:10  Armory  
  120  7:11  Armory  
  120  7:12  SCV  
  123  7:16  Hellion  
  123  7:25  Factory  
  123  7:27  Factory  
  123  7:28  Sensor Tower  
  123  7:34  Hellion  
  125  7:38  Command Center  
  125  7:43  Siege Tank x2  
  133  7:44  Hellion  
  133  7:55  Hellion  
  135  8:05  Hellion  
  137  8:06  Planetary Fortress  
  137  8:12  Factory Tech Lab, Factory Reactor  
  137  8:15  Siege Tank x2  
  137  8:18  Hellion, Terran Vehicle Weapons Level 1, Terran Vehicle And Ship Armor Level 1  
  145  8:27  Hellion  
  147  8:28  Refinery  
  147  8:33  Refinery  
  147  8:39  Infernal Pre-Igniter  
  147  8:41  Smart Servos, Hellion  
  149  8:42  Banshee  
  149  8:43  Neosteel Armor  
  149  8:44  SCV x3  
  149  8:47  Siege Tank  
  149  8:48  Siege Tank  
  161  8:49  Supply Depot  
  161  8:52  Supply Depot  
  161  8:53  Hellion  
  161  8:54  Hellion x2  
  167  9:02  Missile Turret  
  167  9:09  Hellion  
  159  9:24  Siege Tank  
  159  9:25  Hellion x2, Siege Tank  
  169  9:34  Supply Depot  
  169  9:46  Factory  
  169  9:52  Planetary Fortress  
  169  9:58  Command Center  
  169  9:59  Command Center, Siege Tank x2  
  179  10:00  Hellion x3  
  181  10:18  Terran Vehicle Weapons Level 2  
  181  10:19  Terran Vehicle And Ship Armor Level 2  
  181  10:32  Siege Tank x2, Hellion x3  
  181  10:35  Hellion  
  195  10:39  Hellion  
  153  10:54  Hellion x2  
  143  10:57  Hellion x2  
  143  11:04  Siege Tank x2  
  150  11:07  Hellion  
  150  11:11  Orbital Command x2  
  139  11:15  Hellion  
  130  11:20  Hellion  
  130  11:21  Hellion x2  
  136  11:28  Factory Tech Lab  
  136  11:29  Factory  
  136  11:30  Factory  
  136  11:36  Siege Tank  
  136  11:37  Hellion x2  
  136  11:47  Orbital Command  
  136  11:53  Hellion x2  
  136  11:54  Hellion x2  
  135  11:58  Siege Tank  
  134  12:02  Hellion  
  134  12:08  Siege Tank  
  139  12:14  Hellion  
  139  12:15  Siege Tank  
  111  12:31  Hellbat x4, Siege Tank  
  111  12:35  Hellion  
  122  12:40  Siege Tank  
  125  12:47  Siege Tank  
  125  12:50  Orbital Command  
  123  12:57  Siege Tank, Hellbat  
  123  12:58  Hellbat x2  
  116  13:05  Hellbat x2, Siege Tank  
  100  13:19  Siege Tank  
  100  13:21  Refinery, Hellbat x3  
  100  13:22  Refinery  
  98  13:39  Viking  
  98  13:45  Orbital Command  
  98  13:46  Hellbat x4, Siege Tank  
  98  13:47  Siege Tank  
  110  14:00  Thor  
  116  14:10  Terran Vehicle Weapons Level 3, Terran Vehicle And Ship Armor Level 3  
  116  14:11  Factory Tech Lab  
  116  14:18  Hellbat x4, Thor  
  116  14:20  Missile Turret  
  116  14:21  Missile Turret  
  116  14:22  Missile Turret  
  130  14:27  Hellbat  
  130  14:39  Hellbat x3  
  136  14:51  Thor x2  
  136  14:52  Thor, Sensor Tower  
  154  14:53  Hellion  
  154  14:58  Orbital Command  
  156  15:12  Hellbat x3, Siege Tank  
  140  15:15  Hellbat  
  114  15:32  Hellion x6  
  114  15:35  Hellbat x4  
  124  15:36  Hellbat x2  
  124  15:42  Hellbat  
  128  15:49  Siege Tank  
  131  15:54  Hellion x6  
  131  15:56  Hellbat x3  
  137  15:58  Hellbat x3  
  139  16:07  SCV  
  139  16:08  Refinery  
  139  16:09  Refinery  
  139  16:10  Hellbat  
  138  16:12  SCV  
  138  16:13  Supply Depot  
  138  16:14  Supply Depot  
  138  16:15  Supply Depot  
  138  16:17  Hellbat x2  
  133  16:24  Hellbat  
  123  16:26  Siege Tank x2  
  121  16:35  Siege Tank  
  121  16:38  Hellbat x2  
  118  16:45  Barracks  
  116  16:47  Hellion  
  116  16:50  Hellbat x3  
  122  16:57  Orbital Command, SCV x2  
  122  16:58  SCV  
  113  17:05  Hellbat x3  
  113  17:06  Siege Tank  
  113  17:07  Siege Tank  
  112  17:14  Hellbat x3  
  93  17:26  Command Center  
  93  17:28  Orbital Command  
  93  17:33  Hellbat x3  
  93  17:35  Starport Reactor  
  95  17:47  Hellbat x3, Thor  
  95  17:48  Thor  
  95  18:01  Siege Tank x2  
  95  18:03  Hellbat  
Show
View Real Time Build Order
Export as new Build Order

Neuro Zerg - Winner!

Build Orders: Hatch First, Swarm Host 

Get SALT Encoding   

  12  0:00  Drone  
  13  0:08  Drone  
  14  0:14  Extractor, Drone  
  15  0:21  Overlord  
  15  0:41  Drone  
  16  0:46  Hatchery  
  16  0:49  Drone  
  16  0:52  Drone  
  16  0:56  Drone  
  18  1:10  Extractor  
  17  1:12  Spawning Pool  
  17  1:14  Drone  
  17  1:18  Drone  
  18  1:26  Drone  
  19  1:38  Drone  
  20  1:50  Drone  
  21  1:59  Queen x2  
  21  2:00  Zergling x4  
  27  2:16  Hatchery  
  27  2:18  Overlord  
  27  2:21  Drone  
  27  2:29  Drone  
  28  2:31  Overlord  
  28  2:38  Drone x2  
  28  2:41  Drone x2  
  32  2:52  Queen  
  32  2:54  Overlord  
  32  2:56  Drone  
  35  3:06  Drone  
  35  3:07  Drone  
  35  3:09  Drone x3  
  40  3:18  Drone  
  40  3:19  Drone  
  42  3:25  Drone, Queen  
  42  3:26  Metabolic Boost  
  45  3:27  Drone  
  45  3:31  Drone  
  45  3:33  Queen  
  49  3:49  Drone x5  
  54  3:56  Drone  
  54  3:57  Queen  
  54  4:02  Drone  
  58  4:03  Overlord x2  
  58  4:04  Roach Warren  
  57  4:12  Lair  
  57  4:14  Extractor  
  57  4:15  Drone x2  
  58  4:23  Drone x8  
  66  4:27  Drone  
  66  4:29  Spore Crawler  
  66  4:30  Spore Crawler  
  65  4:37  Spore Crawler  
  64  4:39  Hatchery  
  65  4:45  Roach  
  65  4:46  Roach x3  
  65  4:49  Roach, Zergling x2  
  71  4:57  Drone x6  
  72  5:04  Drone x2  
  72  5:05  Overlord  
  72  5:06  Overlord  
  73  5:11  Evolution Chamber  
  73  5:12  Drone, Evolution Chamber  
  72  5:18  Overlord x2  
  72  5:21  Overseer  
  72  5:25  Drone x4  
  72  5:26  Drone  
  77  5:33  Glial Reconstitution  
  77  5:37  Drone x7  
  77  5:40  Overseer  
  83  5:45  Roach x2  
  87  5:51  Roach, Zergling x10  
  94  6:00  Extractor x2  
  92  6:05  Drone x10  
  92  6:09  Zerg Missile Weapons Level 1  
  102  6:19  Drone x4  
  102  6:20  Drone x5  
  102  6:21  Extractor  
  102  6:22  Extractor  
  109  6:27  Drone x2  
  109  6:28  Overlord  
  111  6:34  Infestation Pit  
  110  6:42  Queen, Spore Crawler  
  110  6:44  Zerg Ground Armor Level 1  
  110  6:45  Overlord x6  
  111  6:47  Drone x3  
  114  7:07  Roach x14  
  142  7:11  Drone x4  
  146  7:18  Nydus Network  
  146  7:21  Overlord x4  
  145  7:32  Drone  
  146  7:37  Hatchery  
  145  7:47  Hatchery  
  145  7:48  Baneling Nest  
  143  7:59  Swarm Host  
  143  8:00  Swarm Host x8  
  143  8:03  Drone x3  
  143  8:05  Spine Crawler  
  172  8:06  Spine Crawler  
  172  8:08  Spine Crawler  
  172  8:09  Drone x5, Spine Crawler  
  174  8:13  Swarm Host x3  
  182  8:28  Zerg Missile Weapons Level 2  
  182  8:31  Centrifugal Hooks  
  182  8:34  Hatchery  
  181  8:38  Nydus Canal  
  181  8:40  Ravager x2  
  179  8:42  Zergling x40  
  199  8:58  Hatchery  
  198  9:15  Ravager x2  
  200  9:22  Hive  
  200  9:30  Baneling x10  
  200  9:31  Baneling x11  
  200  9:39  Nydus Canal  
  192  10:04  Zerg Ground Armor Level 2  
  192  10:07  Nydus Canal  
  192  10:13  Zergling x10  
  192  10:14  Zergling x6  
  176  10:45  Zergling x74  
  180  10:51  Hatchery  
  180  10:53  Roach x5  
  180  10:55  Queen  
  183  10:59  Adrenal Glands  
  183  11:00  Queen  
  183  11:01  Queen  
  185  11:05  Roach x8  
  182  11:20  Nydus Canal  
  180  11:28  Zerg Missile Weapons Level 3  
  180  11:30  Spire  
  193  11:32  Zergling x38  
  193  11:33  Zergling x12  
  190  11:46  Zergling x20  
  189  11:47  Queen  
  189  11:53  Zergling x6  
  194  11:55  Baneling x3  
  194  11:56  Baneling x10  
  194  11:59  Overseer  
  194  12:03  Zergling x6  
  174  12:17  Zergling x22  
  174  12:22  Nydus Canal  
  176  12:37  Drone x14  
  176  12:39  Baneling x15  
  186  13:05  Zergling x40  
  168  13:24  Zergling x18  
  177  13:33  Zergling x18  
  186  13:34  Zerg Ground Armor Level 3  
  186  13:41  Baneling x14  
  186  13:46  Zergling x14  
  186  13:48  Extractor  
  192  13:51  Extractor  
  191  13:58  Zergling x14  
  198  14:05  Overseer  
  198  14:06  Nydus Canal  
  198  14:09  Zergling x2  
  199  14:33  Baneling  
  199  14:34  Baneling x50  
  199  14:35  Baneling x28  
  199  14:39  Extractor  
  199  14:45  Spine Crawler  
  197  14:46  Spore Crawler, Spine Crawler  
  197  14:47  Drone x3  
  197  14:49  Spore Crawler  
  197  14:50  Nydus Canal  
  197  15:02  Zergling x4  
  179  15:14  Zergling x32  
  179  15:15  Zergling x26  
  179  15:17  Extractor  
  179  15:19  Zergling x18  
  169  15:30  Roach x6  
  169  15:34  Zerg Flyer Weapons Level 1, Spire  
  181  15:37  Zerg Melee Weapons Level 1  
  181  15:47  Zergling x26  
  194  15:53  Baneling x37  
  194  15:55  Zergling x8  
  197  16:13  Zergling x10  
  197  16:17  Zergling x20  
  184  16:27  Nydus Canal  
  184  16:30  Roach x4  
  192  16:37  Overlord  
  181  16:42  Zergling x2  
  181  16:43  Zergling x26  
  194  16:59  Spine Crawler, Spore Crawler  
  194  17:00  Spine Crawler  
  189  17:02  Zergling x10  
  184  17:12  Zergling x38  
  174  17:17  Pneumatized Carapace, Burrow  
  169  17:24  Extractor  
  169  17:27  Zergling x32  
  181  17:45  Baneling x23  
  181  17:50  Overlord x3  
  180  18:04  Zergling x28  
  194  18:08  Ultralisk Cavern  
  179  18:14  Zergling x24  
  165  18:20  Zergling x8  
  165  18:23  Zergling x12  
  163  18:32  Zergling x18  
  163  18:41  Extractor  
Tags
 
Add a new tag
Caveats
  • Supply blocks, unpowered buildings, or Contaminate may cause inaccurate times.
  • Supply counts are checked every 10 seconds.